 Dungeon Crawl Stone Soup version 0.18.1-48-g4cf74bf (webtiles) character file.

91 Azuregosa the Vexing (level 4, -1/34 HPs)
             Began as a Demonspawn Arcane Marksman on Aug 7, 2016.
             Killed from afar by dricus's ghost (8 damage)
             ... with a magic dart
             ... on level 3 of the Dungeon.
             The game lasted 00:12:30 (2182 turns).

Azuregosa the Vexing (Demonspawn Arcane Marksman)   Turns: 2182, Time: 00:12:30

Health: -1/34      AC: 13    Str: 11    XL:     4   Next: 34%
Magic:  5/5        EV: -3    Int: 14    God:
Gold:   75         SH:  0    Dex: 14    Spells: 2 memorised, 2 levels left

rFire  + . .     SeeInvis .     i - +0 short sword (drain)
rCold  + + .     Gourm    .     r - +0 gold dragon armour
rNeg   . . .     Faith    .     (no shield)
rPois  +         Spirit   .     (no helmet)
rElec  .         Dismiss  .     (no cloak)
rCorr  .         Reflect  .     (no gloves)
SustAt .         Harm     .     o - +0 pair of boots
MR     .....                    (no amulet)
Stlth  ..........               (no ring)
                                (no ring)

@: not resistant to hostile enchantments, extremely unstealthy
A: cold resistance 1
a: no special abilities


You were on level 3 of the Dungeon.
You were not hungry.

You visited 1 branch of the dungeon, and saw 3 of its levels.

You collected 75 gold pieces.

Inventory:

Hand Weapons
 a - a +0 hand crossbow
 i - a +0 short sword of draining (weapon)
 n - a +0 spear
Missiles
 d - 15 bolts
 e - 45 stones (quivered)
 s - 13 arrows
Armour
 b - a +0 robe
 m - a +0 scale mail
 o - a +0 pair of boots (worn)
 r - a +0 gold dragon armour (worn)
Wands
 k - a wand of flame (25/48)
Scrolls
 g - 3 scrolls of identify {unknown}
 l - a scroll of teleportation {unknown}
 p - a scroll of fear {unknown}
 q - a scroll of remove curse {unknown}
Potions
 h - 2 potions of agility {unknown}
Books
 c - a book of Debilitation

   Spells                             Type                      Level
   a - Corona                         Hexes                        1
   b - Slow                           Hexes                        2
   c - Gell's Gravitas                Hexes/Translocation          3
   d - Inner Flame                    Hexes/Fire                   3
   e - Cause Fear                     Hexes                        4
   f - Leda's Liquefaction            Hexes/Earth                  4
Comestibles
 f - 2 bread rations
 j - a meat ration
 t - a chunk of flesh


   Skills:
 * Level 2.6 Fighting
 - Level 0.1 Short Blades
 - Level 1.7 Crossbows
 * Level 1.0 Armour
 + Level 2.8 Dodging
 * Level 1.2 Spellcasting
 * Level 3.3 Hexes


You had 2 spell levels left.
You knew the following spells:

 Your Spells              Type           Power        Failure   Level  Hunger
a - Corona                Hex            ##.....      100%        1    ##.....
b - Slow                  Hex            ##......     100%        2    ###....


Dungeon Overview and Level Annotations

Branches:
Dungeon (3/15)

Altars:

Annotations:
D:2 Natasha; Sigmund
D:3 dricus's ghost, weakling DECj


Innate Abilities, Weirdness & Mutations

Your flesh is cold resistant.


Message History

Dricus's ghost points at you and mumbles some strange words.
The magic dart hits you!
You hit dricus's ghost.
Dricus's ghost is moderately damaged.
Dricus's ghost completely misses you.
Your gold dragon armour prevents you from hitting dricus's ghost.
Dricus's ghost is moderately damaged.
Dricus's ghost hits you but does no damage.
You hit dricus's ghost.
Dricus's ghost is heavily damaged.
Dricus's ghost gestures at you while chanting.
The magic dart hits you!
Your gold dragon armour prevents you from hitting dricus's ghost.
Dricus's ghost is heavily damaged.
Dricus's ghost hits you but does no damage.
Your gold dragon armour prevents you from hitting dricus's ghost.
Dricus's ghost is heavily damaged.
Dricus's ghost casts a spell at you. The magic dart hits you!
You die...

........#
........#######
..............#
............).#
..............#
........<.....#
..............#
#######W#######
#@# #.# #.# ...
..! ..... #....
#.....


You could see dricus's ghost.

Vanquished Creatures
  A gnoll (D:2)
  3 adders
  An ooze (D:1)
  A worm (D:2)
  3 giant cockroaches
  4 goblins (D:2)
  2 hobgoblins (D:2)
  7 jackals
  4 kobolds
  2 bats
  5 giant newts
  22 rats
55 creatures vanquished.

Vanquished Creatures (others)
  A worm (D:2)
1 creature vanquished.

Grand Total: 56 creatures vanquished

Notes
Turn   | Place    | Note
--------------------------------------------------------------
     0 | D:1      | Azuregosa the Demonspawn Arcane Marksman began the quest for the Orb.
     0 | D:1      | Reached XP level 1. HP: 15/15 MP: 2/2
   273 | D:1      | Gained mutation: Your flesh is cold resistant. [demonic ancestry]
   273 | D:1      | Reached XP level 2. HP: 18/21 MP: 3/3
   544 | D:1      | Learned a level 2 spell: Slow
   790 | D:1      | Reached XP level 3. HP: 15/27 MP: 4/4
  1352 | D:3      | Noticed dricus's ghost (weakling DECj)
  1723 | D:2      | Reached XP level 4. HP: 9/34 MP: 5/5
  2141 | D:2      | Noticed Sigmund
  2142 | D:2      | Noticed Natasha
  2173 | D:3      | Reached skill level 1 in Armour
  2182 | D:3      | Killed from afar by dricus's ghost

Skill      XL: |  1  2  3  4 |
---------------+-------------+-----
Dodging        | 2 |  2.8
Fighting       | 2 |  2.6
Armour         | 1 |  1.0
Short Blades   | |  0.1
Crossbows      | |  1.7
Spellcasting   | |  1.2
Hexes          | |  3.3

Action                   |  1- 3 |  4- 6 || total
-------------------------+-------+-------++-------
Melee: Short sword       |   133 |    61 ||   194
 Fire: Hand crossbow     |    31 |       ||    31
Throw: Stone             |     2 |       ||     2
 Cast: Corona            |     1 |       ||     1
 Stab: Sleeping          |     1 |       ||     1
  Eat: Chunk             |     3 |     1 ||     4
Armor: Robe              |    13 |       ||    13
       Gold dragon armou |    75 |    80 ||   155
       Scale mail        |     3 |       ||     3
Dodge: Dodged            |    51 |     4 ||    55
